 Dungeon Crawl Stone Soup version 0.29-a0-422-gafbd6decc1 (webtiles) character file.

Game seed: 10819193907985425750

2962 bande the Cleaver (level 9, -5/55 HPs)
             Began as a Gargoyle Fighter on May 19, 2022.
             Killed from afar by Maggie (23 damage)
             ... with a bolt of fire
             ... on level 8 of the Dungeon.
             The game lasted 00:16:16 (10879 turns).

bande the Cleaver (Gargoyle Fighter)               Turns: 10879, Time: 00:16:17

Health: -5/55      AC: 18    Str: 20    XL:     9   Next: 81%
Magic:  0/9        EV:  6    Int:  9    God:
Gold:   262        SH: 11    Dex: 13    Spells: 8/8 levels left

rFire   . . .      SeeInvis .   a - +0 war axe
rCold   . . .      Faith    .   m - +1 kite shield
rNeg    + . .      Spirit   +   r - +0 chain mail
rPois   ∞          Reflect  .   (no helmet)
rElec   +          Harm     .   (no cloak)
rCorr   .          Rampage  .   w - +0 pair of gloves
Will    .....                   (no boots)
Stlth   ..........              h - amulet of guardian spirit
HPRegen 0.18/turn               (no ring)
MPRegen 0.11/turn               (no ring)

@: mesmerised
A: sickness immunity, AC +6, negative energy resistance 1, electricity
resistance, torment resistance 1, petrification resistance
a: no special abilities


You were on level 8 of the Dungeon.
You visited 2 branches of the dungeon, and saw 9 of its levels.

You collected 262 gold pieces.

Inventory:

Hand Weapons
 a - a +0 war axe (weapon)
 n - a +0 flail
 t - a +0 war axe
 x - a +0 arbalest of flaming
Armour
 m - a +1 kite shield (worn)
 r - a +0 chain mail (worn)
 u - a +0 tower shield
 w - a +0 pair of gloves (worn)
Jewellery
 h - an amulet of guardian spirit (around neck)
 l - an amulet of reflection
 A - a ring of willpower
Wands
 y - a wand of iceblast (9)
 D - a wand of paralysis (12)
Scrolls
 b - 2 scrolls of magic mapping
 e - 3 scrolls of amnesia
 k - a scroll of enchant armour
 o - a scroll of blinking
 q - 2 scrolls of teleportation
 z - a scroll of vulnerability {unknown}
 C - a scroll of silence {unknown}
Potions
 c - a potion of heal wounds
 d - a potion of might
 f - 3 potions of curing
 g - a potion of cancellation {unknown}
 i - 2 potions of flight {unknown}
 j - 3 potions of berserk rage {unknown}
 p - 3 potions of haste
 s - 4 potions of degeneration {unknown}
 v - a potion of ambrosia {unknown}
 B - a potion of brilliance {unknown}


   Skills:
 + Level 6.1 Fighting
 + Level 8.0 Axes
 + Level 7.4 Armour
 + Level 0.9 Stealth
 + Level 7.5 Shields
 * Level 1.8 Evocations


You had 8 spell levels left.
You didn't know any spells.
Your spell library contained the following spells:

 Spells                   Type           Power      Damage    Failure   Level
 Freeze                   Ice            0%         1d3       100%        1
 Corpse Rot               Necr/Air       0%         N/A       100%        2
 Poisonous Vapours        Pois/Air       0%         N/A       100%        2
 Call Canine Familiar     Summ           0%         N/A       100%        3
 Frozen Ramparts          Ice            0%         1d2       100%        3
 Portal Projectile        Hex/Tloc       0%         N/A       100%        3
 Tukima's Dance           Hex            0%         N/A       100%        3
 Hailstorm                Conj/Ice       0%         3d3       100%        4
 Leda's Liquefaction      Hex/Erth       0%         N/A       100%        4
 Passage of Golubria      Tloc           0%         N/A       100%        4
 Yara's Violent Unravell  Hex/Tmut       0%         3d3       100%        5


Dungeon Overview and Level Annotations

Branches:
Dungeon (8/15)             Temple (1/1) D:7
   Lair: D:8-11

Altars:
Ashenzari
Cheibriados
Dithmenos
Fedhas
Gozag
Hepliaklqana
Kikubaaqudgha
Makhleb
Qazlal
Ru
Sif Muna
Trog
Uskayaw
Vehumet
Xom
Yredelemnul
Zin
The Shining One

Shops:
D:5 [

Annotations:
D:6 2 runed translucent doors, domi's ghost, novice DsWz
D:8 Maggie


Innate Abilities, Weirdness & Mutations

You are immune to sickness and miasma.
Your stone body is resilient. (AC +6)
You are immune to poison.
You resist negative energy. (rN+)
You are resistant to electric shocks. (rElec)
You are resistant to unholy torment.
You are immune to petrification.


Message History

You kill the orc!
You barely miss the orc. The orc hits you but does no damage.
Maggie casts a spell at you. The bolt of fire misses you.
Maggie barely misses you. You block the orc's attack.
You hit Maggie but do no damage.
Maggie is heavily wounded.
You slash the orc!
You kill the orc!
You block Maggie's attack.
You completely miss Maggie.
Maggie is heavily wounded.
Maggie casts a spell.
Maggie draws you further into her thrall.
You slash Maggie!
Maggie is severely wounded.
Maggie hits you with a +0 morningstar!
You barely miss Maggie.
Maggie is severely wounded.
Maggie hits you with a +0 morningstar.
Maggie points at you and mumbles some strange words.
The bolt of fire hits you!
You hit Maggie.
Maggie is severely wounded.
Maggie hits you with a +0 morningstar!
You barely miss Maggie.
Maggie is severely wounded.
Maggie casts a spell.
Maggie draws you further into her thrall.
You barely miss Maggie.
Maggie is severely wounded.
You block Maggie's attack.
You hit Maggie.
Maggie is severely wounded.
Maggie hits you with a +0 morningstar. x2
You barely miss Maggie.
Maggie is severely wounded.
Maggie points at you and mumbles some strange words.
The bolt of fire hits you!!
You die...

..$ ..# #./ ..#
#...##.## #
#..#<..###.
####........
..........####
......)).....##
#@@.).....
#.........
#.###.#### #.
.# .. # #.. ..#
...


You could see Maggie (mesmerising).

Vanquished Creatures
  A wyvern (D:7)
  A steam dragon (D:6)
  A water moccasin (D:7)
  A sky beast (D:7)
  2 ogres (D:5)
  A centaur (D:5)
  3 phantoms
  4 bullfrogs
  2 necrophages
  A scorpion (D:5)
  7 wights
  4 killer bees (D:7)
  A howler monkey (D:5)
  7 hounds
  A bullfrog zombie (D:4)
  A jelly (D:5)
  4 orc priests
  A human zombie (D:4)
  3 iguanas (D:5)
  7 orc wizards
  A hound zombie (D:4)
  3 mummies (D:4)
  8 adders
  11 gnolls
  A white imp (D:7)
  An ufetubus (D:5)
  2 adder zombies (D:4)
  A dart slug (D:3)
  23 orcs
  6 ball pythons
  8 bats
  2 bat zombies (D:7)
  8 endoplasms
  3 giant cockroaches
  6 goblins
  5 hobgoblins
  6 jackals (D:2)
  3 kobolds
  A quokka (D:2)
  5 frilled lizards
  7 rats
  2 rat zombies (D:7)
166 creatures vanquished.

Vanquished Creatures (others)
  2 plants (D:1)
  5 toadstools (D:1)
7 creatures vanquished.

Grand Total: 173 creatures vanquished

Notes
Turn   | Place    | Note
-------+----------+-------------------------------------------
     0 | D:1      | bande the Gargoyle Fighter began the quest for the Orb.
     0 | D:1      | Reached XP level 1. HP: 14/14 MP: 1/1
   212 | D:1      | Reached XP level 2. HP: 19/19 MP: 2/2
   250 | D:1      | You fall into a shaft and drop 1 floor!
   425 | D:1      | Found a faded altar of an unknown god.
   556 | D:1      | Reached skill level 2 in Axes
   882 | D:2      | Reached XP level 3. HP: 22/23 MP: 3/3
   994 | D:2      | Reached XP level 4. HP: 26/29 MP: 4/4
  1411 | D:2      | Reached skill level 3 in Axes
  1693 | D:2      | Reached XP level 5. HP: 24/33 MP: 3/5
  2382 | D:3      | Found a shadowy altar of Dithmenos.
  2642 | D:3      | Found a shimmering blue altar of Sif Muna.
  3409 | D:4      | Reached skill level 4 in Axes
  3409 | D:4      | Reached XP level 6. HP: 4/38 MP: 2/6
  3843 | D:4      | Found a radiant altar of Vehumet.
  4539 | D:4      | Reached XP level 7. HP: 31/43 MP: 4/7
  4721 | D:4      | Reached skill level 5 in Armour
  5002 | D:4      | Reached skill level 5 in Axes
  5235 | D:4      | Reached skill level 5 in Shields
  5252 | D:4      | Found a basalt altar of Yredelemnul.
  5715 | D:5      | Entered Level 5 of the Dungeon
  5715 | D:5      | Found Ohilut's Antique Armour Boutique.
  5869 | D:5      | Reached XP level 8. HP: 47/48 MP: 8/8
  6107 | D:5      | Reached skill level 5 in Fighting
  6761 | D:5      | Reached skill level 6 in Axes
  6784 | D:5      | Found a burning altar of Makhleb.
  7651 | D:5      | Reached XP level 9. HP: 25/54 MP: 3/9
  7824 | D:5      | Reached skill level 7 in Axes
  8607 | D:6      | Found a runed translucent door.
  8613 | D:6      | Noticed domi's ghost (novice DsWz)
  8629 | D:6      | Found a runed translucent door.
  8735 | D:6      | Found a hazy altar of Hepliaklqana.
  9308 | D:7      | Found a stormy altar of Qazlal.
  9512 | D:7      | Found an ancient bone altar of Kikubaaqudgha.
  9665 | D:7      | Reached skill level 1 in Evocations
 10057 | D:7      | Found a staircase to the Ecumenical Temple.
 10066 | D:7      | Reached skill level 8 in Axes
 10304 | Temple   | Entered the Ecumenical Temple
 10569 | D:7      | Found a hide-covered altar of Uskayaw.
 10861 | D:8      | Noticed Maggie
 10879 | D:8      | Killed from afar by Maggie

Illustrated notes

Levels and vault maps discovered:
D:1:      ldierk_walled_garden, layout_loops_ring, basic_ecumenical_altar
D:2:      minmay_skewed_foursquare, layout_basic
D:3:      layout_basic, mainiacjoe_overflow_six_doors_small,
          mainiacjoe_overflow_24_doors, grunt_ministairs_11
D:4:      layout_basic, marbit_many_paths, lemuel_mausoleum_altar_yredelemnul
D:5:      layout_cave_pods, overflow_temple_1_default, serial_shops, shop,
          kennysheep_generic_room_11
D:6:      layout_loops_cross, kennysheep_mini, ebering_ghost_sewer_f,
          grunt_ministairs_4, kennysheep_another_room
D:7:      layout_basic, lemuel_doored_altar, lemuel_zombie_altar_kikubaaqudgha,
          kennysheep_little_box, minmay_temple_entry_proselytizer,
          nicolae_sextant
D:8:      layout_rooms, mainiacjoe_overflow_concentric_impassable,
          gammafunk_temple_overflow_elements, enter_bailey_3, the_hattery,
          uniq_joseph, uniq_psyche, uniq_maggie
Temple:   compressed_dpeg_triangle_lava_temple

Skill      XL: |  1  2  3  4  5  6  7  8  9 |
---------------+----------------------------+-----
Axes           | 2 3 4 5 6 8 |  8.0
Armour         | 4 5 6 7 |  7.4
Shields        | 4 5 6 7 |  7.5
Fighting       | 4 5 6 |  6.1
Evocations     | 1 |  1.8
Stealth        | |  0.9

Action                   |  1- 3 |  4- 6 |  7- 9 || total
-------------------------+-------+-------+-------++-------
Melee: War axe           |   101 |   230 |   470 ||   801
  Use: Scroll            |       |    12 |     3 ||    15
       Potion            |       |       |     1 ||     1
Armor: Scale mail        |    61 |    91 |       ||   152
       Chain mail        |       |    55 |   309 ||   364
Dodge: Dodged            |    51 |    56 |   142 ||   249
Block: Buckler           |    18 |     1 |       ||    19
       Kite shield       |       |    93 |   287 ||   380

Table legend: (Time is in decaauts)
 A = Elapsed time spent in this place.
 B = Non-inter-level travel time spent in this place.
 C = Inter-level travel time spent in this place.
 D = Time resting spent in this place.
 E = Time spent auto-exploring this place.
 F = Levels seen in this place.
 G = Mean time per level.
                   A        B        C        D        E       F      G
               +--------+--------+--------+--------+--------+-----+--------+
         Total |  11201 |  11059 |    142 |   3350 |   5622 |   9 | 1244.6 |
       Dungeon |  10969 |  10827 |    142 |   3350 |   5460 |   8 | 1371.1 |
        Temple |    232 |    232 |      0 |      0 |    162 |   1 |  232.0 |
               +--------+--------+--------+--------+--------+-----+--------+

Top non-repeatable levels by time:
     D:5: 2604 daAuts
     D:4: 2550 daAuts
     D:2: 1511 daAuts
     D:7: 1407 daAuts
     D:3: 1021 daAuts
     D:6: 1016 daAuts
     D:1: 836 daAuts
  Temple: 232 daAuts
     D:8: 21 daAuts
